 Dungeon Crawl Stone Soup version 0.31-a0-219-g8d62b2e7bb (webtiles) character file.

Game seed: 8710023404043912324

443 tobedeleted the Chopper (level 6, -6/56 HPs)
             Began as a Minotaur Fighter on July 3, 2023.
             Was a Believer of Okawaru.
             Mangled by Joseph
             ... wielding a +0 quarterstaff
              (15 damage)
             ... on level 7 of the Dungeon.
             The game lasted 00:08:54 (2969 turns).

tobedeleted the Chopper (Minotaur Fighter)          Turns: 2969, Time: 00:08:54

Health: -6/56      AC:  9    Str: 23    XL:     6   Next: 71%
Magic:  5/5        EV:  8    Int:  5    God:    Okawaru [**....]
Gold:   21         SH:  0    Dex:  9    Spells: 5/5 levels left

rFire   + . .        a - +0 war axe
rCold   . . .        c - +0 buckler
rNeg    . . .        e - +0 chain mail
rPois   .            (helmet restricted)
rElec   .            (no cloak)
rCorr   .            (no gloves)
SInv    .            (no boots)
Will    .....        (no amulet) Stlth
                     v - ring of protection from fire
HPRegen 0.29/turn    (no ring)
MPRegen 0.09/turn

%: no passive effects
@: confused
A: horns 2, retaliatory headbutt
a: Renounce Religion, Heroism


You were on level 7 of the Dungeon.
You worshipped Okawaru.
Okawaru was pleased with you.
You visited 1 branch of the dungeon, and saw 6 of its levels.

You collected 189 gold pieces.
You spent 168 gold pieces at shops.

Inventory:

Hand Weapons
 a - a +0 war axe (weapon)
Missiles
 t - 2 throwing nets
Armour
 b - a +0 scale mail
 c - a +0 buckler (worn)
 e - a +0 chain mail (worn)
Jewellery
 v - a ring of protection from fire (left hand)
Wands
 n - a wand of polymorph (10)
Scrolls
 h - a scroll of poison {unknown}
 j - 2 scrolls of acquirement {unknown}
 l - 3 scrolls of blinking
 m - a scroll of teleportation {unknown}
 o - 2 scrolls of immolation {unknown}
 q - a scroll of fog {unknown}
 s - a scroll of fear
 u - a scroll of amnesia {unknown}
 w - a scroll of enchant armour {unknown}
Potions
 d - a potion of brilliance
 f - a potion of ambrosia
 g - 3 potions of lignification
 i - a potion of attraction
 p - a potion of haste


   Skills:
 + Level 5.3 Fighting
 * Level 5.9 Axes
 + Level 5.3 Armour
 - Level 5.0 Shields


You had 5 spell levels left.
You didn't know any spells.
Your spell library was empty.

Dungeon Overview and Level Annotations

Branches:
Dungeon (8/15)
 Temple: D:4-7         Lair: D:8-11

Altars:
Hepliaklqana
Okawaru

Shops:
D:4 !?

Annotations:
D:7 Joseph


Innate Abilities, Weirdness & Mutations

You have a pair of horns on your head.
You reflexively headbutt those who attack you in melee.


Message History

There is a stone staircase leading up here.
You feel less confused.
You start resting.
Your extra speed is starting to run out.
You start resting.
You feel yourself slow down.
You start resting.
You hear the faint creaking of a very distant portcullis.
You start resting.
You hear the faint creaking of a very distant portcullis.
You start resting.
You hear the creaking of a very distant portcullis.
You start resting.
HP restored.
There is a stone staircase leading up here.
You fail to use your ability.
You climb upwards.
Level annotation: Joseph Joseph zaps a wand.
You resist with some effort.
There is a stone staircase leading down here.
Joseph unwields a +0 quarterstaff.
Joseph wields a +0 sling.
Joseph shoots a sling bullet.
The sling bullet hits you!!
Joseph unwields a +0 sling.
Joseph wields a +0 quarterstaff.
Joseph hits you with a +0 quarterstaff!
You hit Joseph but do no damage. Your headbutt misses Joseph.
Joseph is moderately wounded.
Joseph zaps a wand.
You resist with some effort.
You slash Joseph! You headbutt Joseph!
Joseph is heavily wounded.
Joseph zaps a wand.
Your will is overpowered!
You are confused.
The now-empty wand crumbles to dust.
You bump into the rock wall.
Joseph hits you with a +0 quarterstaff! Joseph completely misses you.
You're too confused to move!
Joseph hits you with a +0 quarterstaff!
* * * LOW HITPOINT WARNING * * *
You hit Joseph. You headbutt Joseph.
Joseph is severely wounded.
Joseph hits you with a +0 quarterstaff!
You die...

## #. #..
#.. #...
.##...######
....(..@..>#
.##...#@##.#
#..
#.##....# #.
#.##..### #
#.##..#
#.##..#
#.##!.#
#.##..#
#.##@.# #..


You could see Joseph.

Vanquished Creatures
  A black bear (D:7)
  An ogre (D:4)
  2 orc priests
  2 hounds
  An orc wizard (D:4)
  Robin (D:2)
  An adder (D:4)
  A shadow imp (D:4)
  3 worms
  5 orcs
  2 bats
  4 endoplasms
  21 goblins
  8 hobgoblins
  2 jackals (D:3)
  7 kobolds
  3 quokkas (D:3)
  5 ball pythons
  5 frilled lizards
  4 rats
  A spectral goblin (D:3)
80 creatures vanquished.

Vanquished Creatures (others)
  An orc wizard (D:4)
1 creature vanquished.

Grand Total: 81 creatures vanquished

Notes
Turn   | Place    | Note
-------+----------+-------------------------------------------
     0 | D:1      | tobedeleted the Minotaur Fighter began the quest for the
                  | Orb.
     0 | D:1      | Reached XP level 1. HP: 19/19 MP: 0/0
    20 | D:1      | Found a faded altar of an unknown god.
    21 | D:1      | Noticed a shining eye
    27 | D:1      | Noticed a floating eye
    28 | D:1      | Noticed a floating eye
    28 | D:1      | Noticed a golden eye
    65 | D:1      | Prayed at the altar of an unknown god.
    65 | D:1      | Became a worshipper of Warmaster Okawaru
    65 | D:1      | Reached * piety under Okawaru
   177 | D:1      | Reached XP level 2. HP: 27/27 MP: 1/1
   610 | D:2      | Noticed Robin
   621 | D:2      | Reached XP level 3. HP: 19/33 MP: 2/2
   626 | D:2      | Killed Robin
  1057 | D:2      | Reached XP level 4. HP: 40/40 MP: 3/3
  1414 | D:3      | Found an iron altar of Okawaru.
  1742 | D:3      | Reached XP level 5. HP: 46/47 MP: 4/4
  1933 | D:3      | Found a hazy altar of Hepliaklqana.
  2127 | D:4      | Noticed an ogre
  2131 | D:4      | Killed an ogre
  2132 | D:4      | Reached skill level 5 in Axes
  2215 | D:4      | Reached ** piety under Okawaru
  2321 | D:4      | Reached XP level 6. HP: 20/55 MP: 5/5
  2328 | D:4      | Reached skill level 5 in Fighting
  2334 | D:4      | Reached skill level 5 in Armour
  2336 | D:4      | Reached skill level 5 in Shields
  2617 | D:4      | Found Biraabits's Magic Scroll Shoppe.
  2623 | D:4      | Bought a scroll of identify for 24 gold pieces
  2623 | D:4      | Bought a scroll of fear for 48 gold pieces
  2623 | D:4      | Bought a scroll of identify for 24 gold pieces
  2623 | D:4      | Bought a scroll of identify for 24 gold pieces
  2623 | D:4      | Bought 2 scrolls of identify for 48 gold pieces
  2665 | D:4      | Found Oklov's Distillery.
  2713 | D:4      | You fall into a shaft and drop 3 floors!
  2721 | D:7      | Noticed Joseph
  2969 | D:7      | Mangled by Joseph

Illustrated notes

Levels and vault maps discovered:
D:1:      mrwooster_arrival_statue_2, layout_rooms,
          hellmonk_ecumenical_altar_watching_god, minmay_misc_feat_columns
D:2:      layout_basic, kennysheep_cross_room, hex_intersection, uniq_robin
D:3:      minmay_diamond_boxcup, layout_rooms,
          nicolae_hepliaklqana_monster_ancestors, mainiacjoe_overflow_boulevard
D:4:      layout_loops_cross, serial_shops, nicolae_square_shop,
          nicolae_shop_gibbet_a_chance, nicolae_shop_pleasant_corner_grove
D:7:      layout_basic, grunt_temple_overflow_champion_of_chaos,
          fiery_altar_vehumet, minmay_temple_entry_metal_lava,
          hangedman_decor_lopped, uniq_joseph
D:8:      layout_loops_cross, enter_bailey_8, hangedman_glass_teeth

Skill      XL: |  1  2  3  4  5  6 |
---------------+-------------------+-----
Axes           | 3 4 5 |  5.9
Fighting       | 4 5 |  5.3
Shields        | 4 5 |  5.0
Armour         | 4 5 |  5.3

Action                     |  1- 3 |  4- 6 || total
---------------------------+-------+-------++-------
  Melee: War axe           |    59 |   121 ||   180
         Headbutt          |    12 |    18 ||    30
 Invoke: Heroism           |       |     1 ||     1
    Use: Scroll            |       |     8 ||     8
         Potion            |       |     5 ||     5
 Armour: Scale mail        |    38 |    18 ||    56
         Chain mail        |       |    31 ||    31
  Dodge: Dodged            |    32 |    61 ||    93
  Block: Buckler           |    17 |    29 ||    46

Table legend: (Time is in decaauts)
 A = Elapsed time spent in this place.
 B = Non-inter-level travel time spent in this place.
 C = Inter-level travel time spent in this place.
 D = Time resting spent in this place.
 E = Time spent auto-exploring this place.
 F = Levels seen in this place.
 G = Mean time per level.
                   A        B        C        D        E       F      G
               +--------+--------+--------+--------+--------+-----+--------+
         Total |   3003 |   2857 |    146 |    165 |   2169 |   6 |  500.5 |
       Dungeon |   3003 |   2857 |    146 |    165 |   2169 |   6 |  500.5 |
               +--------+--------+--------+--------+--------+-----+--------+

Top non-repeatable levels by time:
     D:2: 917 daAuts
     D:3: 686 daAuts
     D:4: 641 daAuts
     D:1: 519 daAuts
     D:8: 180 daAuts
     D:7: 58 daAuts
